AoeStats
← Calculo21

Arena

504561588Analyzed
4v4 RM · 26d ago on Sep 5, 2026· 41m 55s· 8 players
Game mode
Random Map
Map size
Large (8 player)
Population
200
Speed
Normal
Resources
Standard
Victory
Conquest
Starting age
Dark Age
Ending age
Imperial Age
RankedLock teamsTeams togetherTeam positionsShared explorationLock speedFull tech treeHidden civsTurbo modeCheats
Victory
Defeat
🇹🇷 Khmer · Türkiye
830
+16
🇹🇷 Turks · Türkiye
810
+17
🇹🇷 Portuguese · Türkiye
807
+17
🇧🇷 Slavs · Brazil
779
+18
🇨🇴 Franks · Colombia
861
-56
🇫🇷 Persians · France
833
-17
🇨🇦 Huns · Canada
832
-17
🇪🇪 Spanish · Estonia
789
-15
Seventh L3tter
11:56 Feudal Age
12:54 Double-Bit Axe
18:46 Castle Age
16:40 Horse Collar
17:02 Stone Mining
17:10 Gold Mining
18:31 Loom
19:44 Heavy Plow
19:57 Bow Saw
22:06 Loom
26:20 Scale Barding Armor
29:04 Bloodlines
30:44 Forging
30:38 Husbandry
32:44 Chain Barding Armor
37:34 Imperial Age
36:11 Iron Casting
36:19 Gold Shaft Mining
Calculo21
5:55 Loom
12:01 Feudal Age
12:47 Double-Bit Axe
14:32 Gold Mining
17:17 Scale Barding Armor
21:48 Castle Age
20:52 Stone Mining
22:41 Bow Saw
24:17 Gold Shaft Mining
25:59 Wheelbarrow
29:06 Husbandry
29:17 Squires
28:38 Pikeman
30:03 Hand Cart
30:29 Murder Holes
33:59 Chain Barding Armor
36:15 Imperial Age
35:15 Forging
35:32 Ballistics
37:43 Plate Barding Armor
37:43 Iron Casting
36:33 Cavalier
39:42 Paladin
Golem
11:47 Feudal Age
10:03 Loom
18:49 Castle Age
19:57 Fletching
23:15 Double-Bit Axe
24:52 Horse Collar
27:28 Bodkin Arrow
29:22 Scale Barding Armor
30:14 Sanctity
30:15 Fervor
31:52 Inquisition
32:32 Wheelbarrow
31:42 Town Watch
35:18 Hand Cart
35:03 Town Patrol
35:11 Heavy Plow
36:13 Redemption
39:38 Imperial Age
Sylvain MIrouff
9:19 Feudal Age
9:48 Double-Bit Axe
10:12 Horse Collar
15:34 Wheelbarrow
17:08 Stone Mining
20:26 Castle Age
18:31 Gold Mining
22:26 Bow Saw
23:37 Heavy Plow
24:26 Stone Shaft Mining
24:40 Gold Shaft Mining
25:03 Hand Cart
33:02 Kamandaran
35:49 Imperial Age
33:04 Loom
33:05 Town Watch
35:50 Forging
35:41 Padded Archer Armor
35:48 Scale Barding Armor
35:43 Scale Mail Armor
35:56 Masonry
36:23 Guilds
36:17 Caravan
37:21 Elite War Elephant
39:13 Town Patrol
39:45 Crop Rotation
40:16 Two-Man Saw
39:16 Murder Holes
39:52 Architecture
39:58 Iron Casting
39:14 Fletching
39:40 Leather Archer Armor
39:40 Chain Mail Armor
39:45 Chain Barding Armor
40:39 Citadels
39:57 Elite War Elephant
41:40 Blast Furnace
d.mazeti
0:38 Loom
11:36 Feudal Age
19:19 Castle Age
17:46 Double-Bit Axe
20:27 Wheelbarrow
19:47 Gold Mining
19:52 Stone Mining
20:04 Pikeman
25:26 Gold Shaft Mining
27:39 Bow Saw
28:46 Squires
31:39 Imperial Age
29:30 Town Watch
32:04 Scale Mail Armor
32:19 Forging
32:05 Capped Ram
34:14 Husbandry
35:14 Hand Cart
35:10 Halberdier
38:11 Siege Ram
GUNGORYES
0:38 Loom
12:40 Feudal Age
14:26 Wheelbarrow
13:44 Double-Bit Axe
14:09 Horse Collar
15:27 Gold Mining
18:15 Stone Mining
19:28 Scale Barding Armor
23:31 Castle Age
23:01 Bloodlines
24:30 Bow Saw
26:03 Husbandry
28:35 Hand Cart
31:02 Scale Mail Armor
30:52 Light Cavalry
33:29 Chain Barding Armor
35:42 Imperial Age
33:06 Pikeman
38:25 Chemistry
37:00 Elite Organ Gun
39:58 Stone Shaft Mining
38:46 Cavalier
42:25 Two-Man Saw
41:27 Heavy Plow
42:07 Plate Barding Armor
41:48 Chain Mail Armor
41:33 Padded Archer Armor
41:23 Fletching
41:44 Forging
yesilyurt29
2:52 Loom
14:17 Feudal Age
17:31 Castle Age
15:16 Horse Collar
15:27 Double-Bit Axe
16:53 Wheelbarrow
16:14 Gold Mining
16:18 Stone Mining
18:31 Heavy Plow
18:45 Bow Saw
23:02 Gold Mining
25:44 Hand Cart
27:31 Caravan
28:40 Gold Shaft Mining
30:41 Stone Shaft Mining
33:23 Imperial Age
33:06 Tusk Swords
33:22 Forging
33:12 Scale Mail Armor
33:24 Heavy Scorpion
35:17 Chemistry
35:02 Crop Rotation
35:34 Double Crossbow
35:55 Conscription
40:07 Capped Ram
41:40 Iron Casting
41:21 Chain Mail Armor
41:12 Scale Barding Armor
ysf5353
0:28 Loom
15:15 Feudal Age
15:40 Horse Collar
15:47 Double-Bit Axe
16:42 Wheelbarrow
15:53 Town Watch
16:14 Stone Mining
16:39 Arson
18:08 Gold Mining
19:03 Man-at-Arms
24:30 Castle Age
23:45 Fletching
23:55 Padded Archer Armor
24:06 Forging
23:56 Scale Mail Armor
25:48 Bow Saw
25:45 Husbandry
27:27 Gold Shaft Mining
29:30 Scale Barding Armor
29:26 Scale Mail Armor
32:03 Squires
33:41 Crossbowman
34:34 Bloodlines
36:37 Sipahi
36:58 Hand Cart
37:36 Fortified Wall
37:06 Treadmill Crane
38:38 Town Patrol
41:33 Imperial Age
41:15 Caravan
41:45 Coinage
42:34 Iron Casting
41:54 Bodkin Arrow
42:14 Chain Mail Armor
42:15 Leather Archer Armor
42:16 Masonry
42:27 Ballistics
42:49 Parthian Tactics
42:49 Conscription
Connection lost

Rejoining the realm…

Still unreachable

The connection could not be restored.

Session expired

The server has moved on; the page needs a fresh start.